 Dungeon Crawl Stone Soup version 0.13-b1-54-gfe00c74 (webtiles) character file.

391 Lilouch the Shield-Bearer (level 5, -6/41 HPs)
             Began as a Mummy Fighter on Oct 10, 2013.
             Killed from afar by an orc wizard (12 damage)
             ... with a puff of flame
             ... on Level 4 of the Dungeon.
             The game lasted 00:23:07 (16900 turns).

Lilouch the Shield-Bearer (Mummy Fighter)          Turns: 16900, Time: 00:23:08

HP  -6/41        AC  9     Str 20      XL: 5   Next: 80%
MP   4/4         EV  5     Int  7      God:
Gold 150         SH 19     Dex 11      Spells:  0 memorised,  4 levels left

Res.Fire  : x . .   See Invis. : .   a - +0 falchion
Res.Cold  : + . .   Warding    : .   H - +0 chain mail
Life Prot.: + + +   Conserve   : .   c - +0 shield
Res.Poison: +       Res.Corr.  : .   (no helmet)
Res.Elec. : .       Clarity    : .   (no cloak)
Sust.Abil.: . .     Spirit.Shd : .   (no gloves)
Res.Mut.  : .       Stasis     : .   (no boots)
Res.Rott. : +       Flight     : .   (no amulet)
Saprovore : . . .                    (no ring)
                                     (no ring)

@: slightly resistant to hostile enchantments, extremely unstealthy
A: no food or potions, fire vulnerability, restore body, cold resistance 1, life
protection 3, poison resistance, torment resistance, unbreathing
a: no special abilities


You were on level 4 of the Dungeon.
You were not hungry.

You visited 1 branch of the dungeon, and saw 4 of its levels.

You collected 130 gold pieces.

Inventory:

Hand weapons
 a - a +0,+0 falchion (weapon)
 s - a +0,+0 dagger (quivered)
 w - a +0,+0 club
 x - a +0,+0 sling
 y - a +0,+2 hand axe
 z - a +1,+1 sling of evasion
 E - a +0,+0 dagger
 F - a +4,+1 elven dagger
 G - a cursed -3,+0 orcish dagger
 K - a +1,+0 sling of velocity
Missiles
 p - 46 stones
 q - 44 darts
 u - 21 arrows
 J - 8 sling bullets of flame
Armour
 c - a +0 shield (worn)
 H - a +0 chain mail (worn)
 O - the +5 chain mail of Inference {rElec Acc+3, unknown}
   (You found it on level 4 of the Dungeon)

   It affects your accuracy (+3).
   It insulates you from electricity.
Comestibles
 b - a pear
 f - an apple
 j - an apricot
 B - a bread ration
 M - a choko
Scrolls
 h - 3 scrolls of magic mapping {unknown}
 l - a scroll of remove curse {unknown}
 m - 5 scrolls of identify {unknown}
 o - 2 scrolls of blinking {unknown}
 t - a scroll of teleportation {unknown}
 v - a scroll of fear {unknown}
 A - a scroll of recharging {unknown}
 D - a scroll of enchant armour {unknown}
Jewellery
 i - an uncursed ring of wizardry {unknown}
Potions
 d - 2 potions of restore abilities {unknown}
 e - 5 potions of curing {unknown}
 g - a potion of confusion {unknown}
 k - a potion of speed {unknown}
 n - a potion of heal wounds {unknown}
 r - 2 potions of degeneration {unknown}
 C - a potion of might {unknown}
 I - a potion of beneficial mutation {unknown}
 L - a potion of brilliance {unknown}
 N - a potion of mutation {unknown}


   Skills:
 - Level 3.0 Fighting
 * Level 3.5 Long Blades
 + Level 3.3 Armour
 + Level 3.6 Shields


You had 4 spell levels left.
You didn't know any spells.

Dungeon Overview and Level Annotations

Branches:
Dungeon (4/27)
 Temple: D:4-7

Altars:
Cheibriados
Makhleb
the Shining One

Annotations:
D:4 Eustachio


Innate Abilities, Weirdness & Mutations

You do not eat or drink.
Your flesh is vulnerable to fire.
Your flesh is cold resistant.
You are immune to negative energy.
Your system is resistant to poisons.
You are immune to unholy pain and torment.
You can survive without breathing.


Message History

You miss it.
You hear some strange, mumbled words.
Something tries to affect you, but you resist.
You hit it.
You hear some strange, mumbled words.
The magic dart hits you!
* * * LOW HITPOINT WARNING * * *
You barely miss it.
You hear some strange, mumbled words.
Something tries to affect you, but you resist.
You barely miss it. It hits you but does no damage.
You hear some strange, mumbled words.
You are confused.
You closely miss it. It hits you.
* * * LOW HITPOINT WARNING * * *
Ouch! You feel less confused.
You hear some strange, mumbled words.
The puff of flame hits you! The fire burns you terribly!
You die...

... #...# #....
#.... . #..l.
..#....
.......#############
........%.......@..#
........##########.#
........# .. #
....[...#.####
......#<..o..#
.......o#.#..o.#
..........$. o.
###.#.#.#..o..
#.#.#.#######


There were no monsters in sight!

Vanquished Creatures
  A crimson imp (D:3)
  An iguana (D:4)
  Ijyb (D:2)
  Jessica (D:2)
  5 adders
  2 giant mites (D:2)
  2 worms (D:2)
  5 giant geckos
  An ooze (D:2)
  3 orcs
  2 ball pythons
  9 bats
  9 goblins
  9 hobgoblins
  3 giant cockroaches
  3 giant newts
  2 jackals (D:1)
  8 kobolds
  9 rats
76 creatures vanquished.

Notes
Turn   | Place    | Note
--------------------------------------------------------------
     0 | D:1      | Lilouch, the Mummy Fighter, began the quest for the Orb.
     0 | D:1      | Reached XP level 1. HP: 18/18 MP: 0/0
   305 | D:1      | Reached XP level 2. HP: 9/24 MP: 1/1
  2918 | D:1      | Reached XP level 3. HP: 25/30 MP: 2/2
  7528 | D:1      | Noticed a rock worm
  7711 | D:2      | Noticed Jessica
  7728 | D:2      | Killed Jessica
  7879 | D:2      | Noticed Ijyb
  7937 | D:2      | Killed Ijyb
  7937 | D:2      | Reached XP level 4. HP: 25/36 MP: 3/3
  8819 | D:3      | Found a glowing golden altar of the Shining One.
  8851 | D:3      | Reached XP level 5. HP: 41/41 MP: 4/4
 14349 | D:2      | Noticed a centaur
 14387 | D:3      | Found a snail-covered altar of Cheibriados.
 14603 | D:3      | Found a burning altar of Makhleb.
 16696 | D:2      | Noticed a centaur warrior
 16773 | D:4      | Noticed Eustachio
 16849 | D:4      | Got a shimmering chain mail
 16900 | D:4      | Killed from afar by an orc wizard

Action                   |  1- 3 |  4- 6 || total
-------------------------+-------+-------++-------
Melee: Falchion          |   188 |   207 ||   395
Throw: Dagger            |     3 |     6 ||     9
       Hand axe          |     1 |     2 ||     3
       Club              |       |     1 ||     1
